[Event "Titled Tuesday Blitz July 25 Early 2023"]
[White "ZugZwang1201"]
[Black "Parpiev, Isaak"]
[BlackFideId "34281576"]
[WhiteElo "2440"]
[BlackElo "2598"]
[Result "1-0"]
[Round "9"]
[TimeControl "180+2"]
[Date "2023.07.25"]
[WhiteClock "0:00:07"]
[BlackClock "0:00:10"]
[Board "87"]

1. e4 c6 2. d4 d5 3. Nc3 dxe4 4. Nxe4 Bf5 5. Ng3 Bg6 6. Bc4 e6 7. N1e2 Bd6 8. O-O h5 9. Nf4 Bxf4 10. Bxf4 h4 11. Ne2 h3 12. g3 Nf6 13. Qd2 Nbd7 14. Bb3 a5 15. a4 Nb6 16. Be5 Be4 17. Nf4 Nbd5 18. Rfe1 Nxf4 19. Qxf4 Bd5 20. c4 Bg2 21. Bc7 Qd7 22. Bb6 Rh5 23. Rad1 Kf8 24. Re5 Kg8 25. Bc2 Ra6 26. Bc5 Ra7 27. Bxa7 b5 28. Bc5 bxc4 29. Rxh5 Nxh5 30. Qb8+ 1-0


[Site "https://www.chess.com"]

[Event "Titled Tuesday Blitz July 25 Early 2023"]
[White "Veiga, Jose Francisco R P Neves"]
[Black "Rangel, Daniel"]
[WhiteFideId "1930087"]
[BlackFideId "2124475"]
[WhiteElo "2583"]
[BlackElo "2434"]
[Result "0-1"]
[Round "9"]
[TimeControl "180+2"]
[Date "2023.07.25"]
[WhiteClock "0:00:13"]
[BlackClock "0:00:12"]
[Board "88"]

1. c4 Nf6 2. Nc3 e6 3. e4 d6 4. d4 Nbd7 5. Nf3 c5 6. Be2 cxd4 7. Qxd4 a6 8. O-O Be7 9. b3 O-O 10. Bb2 Qc7 11. Rac1 b6 12. Rfe1 Bb7 13. Bf1 Rfe8 14. h3 Bf8 15. Qe3 g6 16. Rcd1 Ne5 17. Na4 Nxf3+ 18. Qxf3 Nd7 19. Qg3 Nc5 20. Nxc5 bxc5 21. e5 d5 22. cxd5 Bxd5 23. Rc1 Qb7 24. Bc4 Red8 25. Qg4 h5 26. Qg5 a5 27. Red1 Kh7 28. Qf6 Bg7 29. Bxd5 Rxd5 30. Qf3 Rad8 31. Rxd5 Qxd5 32. Qxf7 Rf8 33. Qc7 Qd2 34. Qxc5 Qxb2 35. Re1 Qd2 36. Rf1 Rf5 37. g3 Bxe5 38. Qe7+ Bg7 39. Qxe6 Bd4 40. Qd7+ Kh6 41. Qe7 Rxf2 42. Rxf2 Qxf2+ 0-1


[Site "https://www.chess.com"]

[Event "Titled Tuesday Blitz July 25 Early 2023"]
[White "Willy, Stephen"]
[Black "Al-Tarboush, Ward"]
[WhiteFideId "30981468"]
[BlackFideId "7601450"]
[WhiteElo "2415"]
[BlackElo "2574"]
[Result "1-0"]
[Round "9"]
[TimeControl "180+2"]
[Date "2023.07.25"]
[WhiteClock "0:00:15"]
[BlackClock "0:01:19"]
[Board "89"]

1. e4 c5 2. c3 Nf6 3. e5 Nd5 4. Nf3 e6 5. Bc4 d6 6. O-O Nc6 7. Re1 dxe5 8. Nxe5 Nxe5 9. Rxe5 Bd6 10. Re1 O-O 11. d4 b5 12. Bxb5 Bb7 13. Be2 Qh4 14. g3 Qf6 15. Nd2 Nf4 16. Bf3 Nd3 17. Re3 Nxc1 18. Bxb7 cxd4 19. Ne4 Qe7 20. Bxa8 dxe3 21. Rxc1 exf2+ 22. Kg2 Rxa8 23. Qxd6 Qb7 24. Qe5 Qxb2 25. Rf1 Qxa2 26. Rxf2 Qc4 27. Rxf7 Qd5 28. Qxg7# 1-0


[Site "https://www.chess.com"]

[Event "Titled Tuesday Blitz July 25 Early 2023"]
[White "Alvarado Diaz, Alejandro"]
[Black "Vovk, Orest"]
[WhiteFideId "2276119"]
[BlackFideId "14113490"]
[WhiteElo "2437"]
[BlackElo "2566"]
[Result "0-1"]
[Round "9"]
[TimeControl "180+2"]
[Date "2023.07.25"]
[WhiteClock "0:00:00"]
[BlackClock "0:00:05"]
[Board "90"]

1. c4 g5 2. Nc3 Bg7 3. d4 c5 4. d5 Bxc3+ 5. bxc3 d6 6. e4 Qa5 7. Qc2 h6 8. Be2 Nd7 9. f4 gxf4 10. Bxf4 Ngf6 11. Nf3 Ng4 12. O-O f6 13. Nh4 Nde5 14. h3 Rg8 15. Nf5 Bxf5 16. exf5 O-O-O 17. hxg4 Nxg4 18. Bxg4 Rxg4 19. Rae1 Rdg8 20. Rf2 R8g7 21. Re3 h5 22. Qe2 Kd8 23. Kh2 Qa4 24. Rh3 h4 25. Re3 Qd7 26. Re6 b6 27. Qe3 Rg3 28. Qe4 Rxc3 29. Re2 Rh7 30. a4 a5 31. Qb1 Kc7 32. Rb2 Rxc4 33. Rxb6 Rb4 34. Rxb4 axb4 35. a5 Kb7 36. Qd3 Qa4 37. Qe3 Qd7 38. Qe2 Ka7 39. Kh3 Qb7 40. Bd2 b3 41. Bc3 Qa6 42. Qxa6+ Kxa6 43. Bb2 Kxa5 44. Re4 Kb5 0-1


[Site "https://www.chess.com"]

[Event "Titled Tuesday Blitz July 25 Early 2023"]
[White "Thecourseoisildur"]
[Black "Mejia, Cherry Ann"]
[BlackFideId "5206880"]
[WhiteElo "2560"]
[BlackElo "2406"]
[Result "1-0"]
[Round "9"]
[TimeControl "180+2"]
[Date "2023.07.25"]
[WhiteClock "0:02:08"]
[BlackClock "0:00:00"]
[Board "91"]

1. e4 c5 2. Nf3 Nc6 3. Bb5 Qb6 4. Nc3 e6 5. Bxc6 Qxc6 6. d4 cxd4 7. Nxd4 Qc7 8. O-O a6 9. Bg5 h6 10. Bh4 b5 11. Re1 Bb7 12. Nd5 Bxd5 13. exd5 Nf6 14. Bxf6 gxf6 15. Qh5 e5 16. Nf5 Qxc2 17. Rac1 Qxb2 18. Qh4 Rg8 19. Qxf6 d6 20. Nxd6+ Bxd6 21. Qxd6 Rg5 22. Rc7 1-0


[Site "https://www.chess.com"]

[Event "Titled Tuesday Blitz July 25 Early 2023"]
[White "Orlov, Georgi"]
[Black "Astafurov, Arseniy"]
[WhiteFideId "2011271"]
[BlackFideId "24175218"]
[WhiteElo "2559"]
[BlackElo "2405"]
[Result "0-1"]
[Round "9"]
[TimeControl "180+2"]
[Date "2023.07.25"]
[WhiteClock "0:00:00"]
[BlackClock "0:00:07"]
[Board "92"]

1. d4 Nf6 2. Nf3 d5 3. c4 c6 4. Nc3 a6 5. cxd5 cxd5 6. g3 Nc6 7. Bg2 Bf5 8. O-O e6 9. Bf4 Be7 10. Rc1 O-O 11. Ne5 Nxe5 12. Bxe5 b5 13. a4 Qa5 14. axb5 axb5 15. f3 b4 16. Nb1 Rfc8 17. Qb3 Qb5 18. e4 dxe4 19. fxe4 Nxe4 20. Qe3 Bg5 21. Bf4 Bxf4 22. Qxf4 Rxc1 23. Rxc1 Qd3 24. Re1 Qxd4+ 25. Qe3 Qxe3+ 26. Rxe3 Ra1 27. Bxe4 Bxe4 28. Rxe4 Rxb1+ 29. Kg2 Rxb2+ 30. Kh3 g5 31. Rc4 Kg7 32. g4 Kg6 33. Rc6 b3 34. Kg3 Rc2 35. Rb6 b2 36. h3 h5 37. Rb8 h4+ 38. Kf3 Kf6 39. Rb5 Rh2 40. Ke4 Ke7 41. Ke5 Kd7 42. Rb7+ Kc6 43. Rb8 Rf2 44. Rb3 Kc5 45. Rb7 Kc4 46. Kd6 Kc3 47. Ke7 f5 0-1


[Site "https://www.chess.com"]

[Event "Titled Tuesday Blitz July 25 Early 2023"]
[White "TomLiu777"]
[Black "Souleidis, Georgios"]
[BlackFideId "4206827"]
[WhiteElo "2390"]
[BlackElo "2538"]
[Result "1-0"]
[Round "9"]
[TimeControl "180+2"]
[Date "2023.07.25"]
[WhiteClock "0:00:13"]
[BlackClock "0:00:00"]
[Board "93"]

1. c4 e5 2. Nc3 Nf6 3. Nf3 e4 4. Ng5 c6 5. Ngxe4 Nxe4 6. Nxe4 d5 7. cxd5 cxd5 8. Ng3 h5 9. e3 h4 10. Bb5+ Nc6 11. Ne2 Qg5 12. Nd4 Qxg2 13. Qf3 Qxf3 14. Nxf3 Bd7 15. Ke2 h3 16. d4 Bd6 17. Rg1 g6 18. Bd2 a6 19. Bd3 Ke7 20. Rac1 Rac8 21. a3 Na7 22. Bc3 Bb5 23. Ne5 Bxd3+ 24. Kxd3 Nb5 25. f4 Nxc3 26. Rxc3 Rxc3+ 27. Kxc3 Rc8+ 28. Kd3 b5 29. Rg3 Rh8 30. Nf3 Kf6 31. Ng5 a5 32. Rxh3 Rc8 33. Rh7 Rc7 34. Rh8 b4 35. axb4 axb4 36. Rd8 Ke7 37. Nxf7 Bxf4 38. exf4 Kxf7 39. Rxd5 Rc1 40. f5 g5 41. Rc5 Rh1 42. Rc2 Kf6 43. Rf2 Rc1 44. Ke4 b3 45. Rf3 1-0


[Site "https://www.chess.com"]

[Event "Titled Tuesday Blitz July 25 Early 2023"]
[White "Girinath, P.D.S."]
[Black "Vyatkin, Dmitry"]
[WhiteFideId "5000572"]
[BlackFideId "4171900"]
[WhiteElo "2375"]
[BlackElo "2532"]
[Result "1-0"]
[Round "9"]
[TimeControl "180+2"]
[Date "2023.07.25"]
[WhiteClock "0:00:02"]
[BlackClock "0:00:18"]
[Board "94"]

1. e4 e6 2. d4 d5 3. Nd2 c5 4. Ngf3 cxd4 5. exd5 Qxd5 6. Bc4 Qd6 7. O-O Nf6 8. Nb3 Nc6 9. Nbxd4 Nxd4 10. Nxd4 a6 11. c3 Bd7 12. Qf3 Qc7 13. Bb3 Bd6 14. h3 O-O-O 15. Bg5 Rhg8 16. Rfe1 h6 17. Bxf6 gxf6 18. Qxf6 Rg6 19. Qxf7 Rdg8 20. g4 h5 21. Bxe6 hxg4 22. Qxd7+ Qxd7 23. Bxd7+ Kxd7 24. h4 g3 25. f3 Rh8 26. Nf5 Bc5+ 27. Kg2 Bf2 28. Rad1+ Kc7 29. Re7+ Kc6 30. Rdd7 Rf6 31. Nd4+ Kc5 32. Rc7+ Kd5 33. Red7+ Rd6 34. Rxd6+ Kxd6 35. Rxb7 Rxh4 36. Nf5+ Kc6 37. Nxh4 Kxb7 38. Nf5 1-0


[Site "https://www.chess.com"]

[Event "Titled Tuesday Blitz July 25 Early 2023"]
[White "Tokman, Ariel"]
[Black "Llanos, Guillermo"]
[WhiteFideId "117420"]
[BlackFideId "100358"]
[WhiteElo "2524"]
[BlackElo "2380"]
[Result "1-0"]
[Round "9"]
[TimeControl "180+2"]
[Date "2023.07.25"]
[WhiteClock "0:00:10"]
[BlackClock "0:00:10"]
[Board "95"]

1. d4 Nf6 2. c4 b6 3. e3 Bb7 4. Nf3 g6 5. Be2 Bg7 6. O-O O-O 7. Nc3 d5 8. cxd5 Nxd5 9. Bd2 Nd7 10. Qb3 e6 11. a4 c5 12. a5 cxd4 13. exd4 Nxc3 14. bxc3 Rc8 15. axb6 axb6 16. Ra7 Bd5 17. Qb5 Bc6 18. Qb4 Nf6 19. Ne5 Be4 20. Qb2 h5 21. Bg5 Qd5 22. c4 Qd8 23. Nd7 Bc6 24. Nxb6 Rb8 25. c5 Rxb6 26. Qxb6 Qd5 27. Bf3 Ne4 28. Be3 Bxd4 29. Bxd4 Qxd4 30. Qxc6 Nd2 31. Qd6 Nxf3+ 32. gxf3 Qh4 33. Rb7 Qg5+ 34. Qg3 Qf5 35. c6 Kg7 36. Rb8 h4 37. Qd6 Qg5+ 38. Kh1 Rxb8 39. Qxb8 Qf5 40. Qb3 Kh7 41. Qc3 Qg5 42. Rg1 h3 43. Rxg5 1-0


[Site "https://www.chess.com"]

[Event "Titled Tuesday Blitz July 25 Early 2023"]
[White "Smiechu"]
[Black "only_strong_moves"]
[WhiteElo "2375"]
[BlackElo "2524"]
[Result "1-0"]
[Round "9"]
[TimeControl "180+2"]
[Date "2023.07.25"]
[WhiteClock "0:00:30"]
[BlackClock "0:00:13"]
[Board "96"]

1. e4 e5 2. f4 d5 3. exd5 exf4 4. Nf3 Bd6 5. d4 Ne7 6. c4 c6 7. Bd3 cxd5 8. c5 Bc7 9. O-O h6 10. Nc3 O-O 11. Ne5 f6 12. Ng6 Nxg6 13. Bxg6 f5 14. Qf3 Be6 15. Bxf4 Bxf4 16. Qxf4 Qf6 17. Bh5 Nc6 18. Rfe1 g5 19. Qf2 Nxd4 20. Rad1 Nc6 21. Nxd5 Bxd5 22. Rxd5 Rad8 23. Red1 Rxd5 24. Rxd5 Qe6 25. Rd6 Qxa2 26. h4 Qb1+ 27. Kh2 Qe4 28. hxg5 Qe5+ 29. Kh1 hxg5 30. Rg6+ Kh7 31. Rxg5 Qd4 32. Qg3 f4 33. Qh4 Rf6 34. Bf7+ Rh6 35. Bg8+ Kh8 36. Qxh6# 1-0


[Site "https://www.chess.com"]

[Event "Titled Tuesday Blitz July 25 Early 2023"]
[White "Nayak Rajesh"]
[Black "Turzo, Attila"]
[WhiteFideId "35017152"]
[BlackFideId "704954"]
[WhiteElo "2368"]
[BlackElo "2506"]
[Result "0-1"]
[Round "9"]
[TimeControl "180+2"]
[Date "2023.07.25"]
[WhiteClock "0:00:00"]
[BlackClock "0:02:06"]
[Board "97"]

1. e4 d6 2. d4 Nf6 3. Nc3 g6 4. Bf4 c6 5. Qd2 b5 6. O-O-O b4 7. Nb1 Nxe4 8. Qe1 Nf6 9. h4 Nd5 10. Bd2 h5 11. Nf3 a5 12. Ng5 Bg7 13. Bc4 Nd7 14. f3 N7b6 15. Bd3 Bxd4 16. g4 Na4 17. c3 bxc3 18. bxc3 Qb6 0-1


[Site "https://www.chess.com"]

[Event "Titled Tuesday Blitz July 25 Early 2023"]
[White "Dwilewicz, Katarzyna"]
[Black "Kuznetsova, Olga"]
[WhiteFideId "1148486"]
[BlackFideId "4191323"]
[WhiteElo "2365"]
[BlackElo "2505"]
[Result "1-0"]
[Round "9"]
[TimeControl "180+2"]
[Date "2023.07.25"]
[WhiteClock "0:02:49"]
[BlackClock "0:02:15"]
[Board "98"]

1. e4 e5 2. Nf3 Nf6 3. Nc3 Nc6 4. d4 exd4 5. Nxd4 Nxe4 6. Nxe4 Qe7 7. Nxc6 Qxe4+ 8. Be2 Qxc6 9. O-O Be7 10. Bf3 O-O 11. Bxc6 1-0


[Site "https://www.chess.com"]

[Event "Titled Tuesday Blitz July 25 Early 2023"]
[White "Peiris, T G M"]
[Black "Schlecht, Daniel, Dr."]
[WhiteFideId "9901310"]
[BlackFideId "4623959"]
[WhiteElo "2364"]
[BlackElo "2504"]
[Result "1-0"]
[Round "9"]
[TimeControl "180+2"]
[Date "2023.07.25"]
[WhiteClock "0:01:45"]
[BlackClock "0:01:26"]
[Board "99"]

1. e4 e6 2. f4 d5 3. e5 c5 4. Nf3 Nc6 5. c3 Qb6 6. d4 Nh6 7. Bd3 Bd7 8. Bc2 Rc8 9. O-O cxd4 10. cxd4 Nb4 11. Nc3 Nxc2 12. Qxc2 Nf5 13. Qd3 h5 14. Bd2 Be7 15. b3 O-O 16. Rad1 Rc7 17. Be1 Rfc8 18. Ng5 Nxd4 19. Qh7+ Kf8 20. Qh8# 1-0


[Site "https://www.chess.com"]

[Event "Titled Tuesday Blitz July 25 Early 2023"]
[White "Rodriguez Santiago, Jaime"]
[Black "MateoReyes"]
[WhiteFideId "3100898"]
[WhiteElo "2363"]
[BlackElo "2495"]
[Result "1-0"]
[Round "9"]
[TimeControl "180+2"]
[Date "2023.07.25"]
[WhiteClock "0:00:09"]
[BlackClock "0:00:01"]
[Board "100"]

1. c4 e5 2. Nc3 Nc6 3. g3 Bc5 4. Bg2 a6 5. Nf3 d6 6. e3 Nf6 7. O-O O-O 8. d4 Ba7 9. h3 Re8 10. g4 h6 11. dxe5 Nxe5 12. Nxe5 Rxe5 13. b3 h5 14. Bb2 hxg4 15. Nd5 Rg5 16. h4 Rh5 17. Nxf6+ gxf6 18. Bd5 c6 19. Bg2 Rxh4 20. Qc2 d5 21. Rad1 Qd6 22. Rfe1 Qh2+ 23. Kf1 g3 24. fxg3 Qxg3 25. Qf2 Qxf2+ 26. Kxf2 Be6 27. cxd5 cxd5 28. Bxd5 Rh2+ 29. Kf3 Rxb2 30. Rg1+ Kf8 31. Bxe6 Re8 32. Bc4 Rxe3+ 33. Kg4 Ke7 34. Rge1 Rxe1 35. Rxe1+ Kf8 36. Rd1 Rxa2 37. Rd7 Bc5 38. Rxf7+ Ke8 39. Rxb7 a5 40. Kf5 Bd4 41. Ke6 Kd8 42. Kd6 Be5+ 43. Kc6 Rd2 44. Ra7 Bc3 45. Bd5 Bb4 46. Bf7 Rd6+ 47. Kb5 f5 48. Ka4 Rf6 49. Bc4 f4 50. Ra8+ Kc7 51. Rh8 f3 52. Rh1 f2 53. Rf1 Be1 54. Kb5 Rf5+ 55. Ka4 Kb6 56. Be2 Kc5 57. Bc4 Kd4 58. Bb5 Ke3 59. Bc4 Rf4 60. Kb5 Kf3 61. Bd5+ Ke2 62. Bc4+ Rxc4 63. Rxf2+ Kxf2 64. bxc4 Ke3 65. c5 Kd4 66. c6 Bh4 67. Kxa5 Kc5 68. c7 Kd6 69. c8=Q Bd8+ 70. Qxd8+ Kc6 71. Qb6+ Kd7 72. Kb5 Kc8 73. Qa7 Kd8 74. Kc6 Ke8 75. Kd6 1-0


[Site "https://www.chess.com"]

[Event "Titled Tuesday Blitz July 25 Early 2023"]
[White "Mmukka"]
[Black "Buscar, Michael"]
[BlackFideId "2603616"]
[WhiteElo "2494"]
[BlackElo "2356"]
[Result "1/2-1/2"]
[Round "9"]
[TimeControl "180+2"]
[Date "2023.07.25"]
[WhiteClock "0:00:50"]
[BlackClock "0:01:45"]
[Board "101"]

1. e4 c5 2. Nf3 Nc6 3. d4 cxd4 4. Nxd4 Nf6 5. Nc3 e5 6. Ndb5 h6 7. Nd5 Nxd5 8. exd5 a6 9. dxc6 axb5 10. cxd7+ Bxd7 11. Be2 Qc7 12. O-O Bc5 13. c3 O-O 14. Qc2 Ra4 15. b3 Rh4 16. g3 Rh3 17. Bf3 Bc6 18. Bg2 Rh5 19. Qe2 Bxg2 20. Kxg2 g6 21. Qxb5 Qc8 22. h4 Rxh4 23. gxh4 Qg4+ 24. Kh2 Qxh4+ 25. Kg2 Qg4+ 26. Kh2 Qh4+ 27. Kg2 Qg4+ 28. Kh2 Qh4+ 1/2-1/2


[Site "https://www.chess.com"]

[Event "Titled Tuesday Blitz July 25 Early 2023"]
[White "Lopez Del Alamo, Antonio"]
[Black "Fontaine, Quentin"]
[WhiteFideId "2227339"]
[BlackFideId "230804"]
[WhiteElo "2352"]
[BlackElo "2492"]
[Result "1/2-1/2"]
[Round "9"]
[TimeControl "180+2"]
[Date "2023.07.25"]
[WhiteClock "0:00:09"]
[BlackClock "0:00:10"]
[Board "102"]

1. e4 e5 2. Bc4 Nf6 3. d3 Nc6 4. Nc3 Na5 5. Qf3 Nxc4 6. dxc4 Bb4 7. Ne2 a6 8. Bg5 h6 9. Bxf6 Qxf6 10. Qxf6 gxf6 11. a3 Be7 12. Ng3 d6 13. O-O-O c6 14. f3 Be6 15. b3 Rg8 16. Rhg1 b5 17. cxb5 axb5 18. a4 bxa4 19. Nxa4 d5 20. Nf5 Bxf5 21. exf5 Ba3+ 22. Kb1 Ke7 23. g4 Rgb8 24. Ka2 Bd6 25. Rge1 Rb4 26. h3 Rab8 27. Re2 Rf4 28. Rd3 Rbb4 29. c3 Rb8 30. Red2 h5 31. c4 d4 32. Re2 Bb4 33. Kb2 hxg4 34. hxg4 Rh8 35. Kc2 Rh3 36. Nb2 Rhxf3 37. Rxf3 Rxf3 38. Nd3 Bc3 39. b4 Rg3 40. Re4 Kd6 41. b5 cxb5 42. cxb5 Rg2+ 43. Kb3 Rd2 44. Kc4 Ba5 45. g5 fxg5 46. Nxe5 f6 47. Nc6 Bb6 48. Nxd4 Rxd4+ 49. Rxd4+ Bxd4 50. Kxd4 Kc7 51. Kd5 Kb7 52. Ke6 g4 53. Kxf6 g3 54. Ke7 g2 55. f6 g1=Q 56. f7 Qc5+ 57. Ke8 Qc8+ 58. Ke7 Qc7+ 59. Ke8 Qe5+ 60. Kd7 Qf5+ 61. Ke7 Qg5+ 62. Ke8 Qg6 63. Ke7 Qg7 64. Ke8 Qe5+ 65. Kf8 Kc7 66. b6+ Kd7 67. Kg8 Qg5+ 68. Kh7 Qh5+ 69. Kg7 Qe5+ 70. Kg8 Qe6 71. Kg7 Qe5+ 72. Kg8 1/2-1/2


[Site "https://www.chess.com"]

[Event "Titled Tuesday Blitz July 25 Early 2023"]
[White "Slovineanu, Viacheslav"]
[Black "Lehtosaari, Mauri"]
[WhiteFideId "13900510"]
[BlackFideId "501999"]
[WhiteElo "2351"]
[BlackElo "2480"]
[Result "0-1"]
[Round "9"]
[TimeControl "180+2"]
[Date "2023.07.25"]
[WhiteClock "0:00:03"]
[BlackClock "0:00:38"]
[Board "103"]

1. d4 d5 2. Nf3 Nf6 3. c4 c6 4. e3 Bg4 5. Nbd2 e6 6. h3 Bh5 7. g4 Bg6 8. Ne5 Nfd7 9. Nxg6 hxg6 10. Bg2 Bd6 11. e4 dxe4 12. Nxe4 Be7 13. O-O Nf6 14. Re1 O-O 15. Bf4 Nxe4 16. Rxe4 Nd7 17. Re2 Nf6 18. Rd2 Bd6 19. Be5 Qc7 20. Qe2 c5 21. Bxd6 Qxd6 22. dxc5 Qc7 23. b4 a5 24. b5 Rab8 25. c6 bxc6 26. Bxc6 Qf4 27. Rad1 Nh7 28. Qe3 Qf6 29. f4 g5 30. f5 exf5 31. gxf5 Qxf5 32. Be4 Qf6 33. Rd6 Qb2 34. R1d2 Qc1+ 35. Kg2 Nf6 36. Bf3 Rfe8 37. Qf2 Qxc4 38. b6 g4 39. hxg4 Nxg4 40. Qg3 Ne3+ 41. Kh2 Nf5 42. Qg4 Nxd6 43. Rxd6 Qxg4 44. Bxg4 Re4 45. Bf3 Re6 46. Rxe6 fxe6 47. b7 Kf7 48. Kg3 Ke7 49. Kf4 Kd6 50. Ke4 g5 51. Kd4 Kc7 52. Ke5 Rxb7 53. Kxe6 Rb2 54. Bd5 g4 55. Kf5 g3 0-1


[Site "https://www.chess.com"]

[Event "Titled Tuesday Blitz July 25 Early 2023"]
[White "arturdailima"]
[Black "Heinemann, Josefine"]
[BlackFideId "12900460"]
[WhiteElo "2338"]
[BlackElo "2470"]
[Result "0-1"]
[Round "9"]
[TimeControl "180+2"]
[Date "2023.07.25"]
[WhiteClock "0:01:44"]
[BlackClock "0:02:01"]
[Board "104"]

1. e4 c5 2. Nf3 d6 3. d4 cxd4 4. Nxd4 Nf6 5. Nc3 a6 6. f3 e5 7. Nb3 Be6 8. Be3 h5 9. Qd2 Nbd7 10. Nd5 Bxd5 11. exd5 g6 12. O-O-O Bg7 13. Kb1 Rc8 14. Qb4 Qc7 15. c4 O-O 16. Be2 b6 17. a4 a5 18. Qe1 e4 19. Bd4 exf3 20. gxf3 Rfe8 21. Qf2 Nc5 22. Nxc5 bxc5 23. Bc3 Rb8 24. Bd3 Ng4 25. fxg4 Bxc3 26. b3 Rxb3+ 27. Kc2 Rb2+ 28. Kxc3 Rxf2 29. gxh5 Qe7 30. hxg6 Qe5+ 31. Kb3 Qb2# 0-1


[Site "https://www.chess.com"]

[Event "Titled Tuesday Blitz July 25 Early 2023"]
[White "Liu, Casper"]
[Black "Romero Arzuaga, Yudel"]
[WhiteFideId "1454153"]
[BlackFideId "3521010"]
[WhiteElo "2469"]
[BlackElo "2314"]
[Result "1-0"]
[Round "9"]
[TimeControl "180+2"]
[Date "2023.07.25"]
[WhiteClock "0:00:18"]
[BlackClock "0:01:13"]
[Board "105"]

1. e4 d5 2. exd5 Qxd5 3. Nc3 Qd8 4. Bc4 c6 5. d4 Bf5 6. Bg5 h6 7. Bh4 g5 8. Bg3 Bg7 9. Be5 Nf6 10. h4 g4 11. Nge2 h5 12. Nf4 e6 13. Qe2 Nbd7 14. O-O-O Qe7 15. Rhe1 O-O-O 16. Nd3 Nxe5 17. Nxe5 Nd5 18. Nxd5 exd5 19. Bd3 Be6 20. Nxf7 Rde8 21. Nxh8 Bxh8 22. Bg6 Kd7 23. Bxe8+ Qxe8 24. Rd3 Qg6 25. Re3 Bf5 26. Re7+ Kd6 27. Rxb7 Bf6 28. Qe3 c5 29. Qf4+ Kc6 30. Qc7# 1-0


[Site "https://www.chess.com"]

[Event "Titled Tuesday Blitz July 25 Early 2023"]
[White "Torres Hernandez, Leslie Carolin"]
[Black "ExchangeAB"]
[WhiteFideId "8400504"]
[WhiteElo "2283"]
[BlackElo "2461"]
[Result "0-1"]
[Round "9"]
[TimeControl "180+2"]
[Date "2023.07.25"]
[WhiteClock "0:00:01"]
[BlackClock "0:00:16"]
[Board "106"]

1. e4 c6 2. d4 d5 3. exd5 cxd5 4. Nf3 Nf6 5. Ne5 a6 6. Bd3 g6 7. O-O Bg7 8. Re1 O-O 9. c3 Nc6 10. Nd2 Nxe5 11. dxe5 Nd7 12. Nf3 Nc5 13. Bc2 Bf5 14. Bxf5 gxf5 15. Qd4 Ne4 16. c4 dxc4 17. Qxc4 e6 18. Bf4 Rc8 19. Qb3 b5 20. Red1 Qb6 21. Be3 Qb8 22. a4 bxa4 23. Qxa4 Qxb2 24. Qxa6 Nc3 25. Rd2 Qb5 26. Qxb5 Nxb5 27. Bg5 Nc3 28. h4 Nd5 29. Ra7 Ra8 30. Rda2 Rxa7 31. Rxa7 h6 32. Bd2 Rc8 33. Kf1 Rc7 34. Ra8+ Kh7 35. Ke2 Kg6 36. g3 Rc4 37. Rg8 Kh7 38. Ra8 Re4+ 39. Kd3 Bxe5 40. Ra7 Kg6 41. h5+ Kg7 42. Ra6 Bf6 43. Ra7 Rg4 44. Nh2 Rd4+ 45. Ke2 Rc4 46. Nf3 Nc3+ 47. Kd3 Rc6 48. Bxc3 Rxc3+ 49. Ke2 Rc2+ 50. Kd3 Rc8 51. Ke2 Rd8 52. Ng1 Re8 53. Nf3 Re7 54. Ra6 Rc7 55. Ne1 Rb7 56. Nd3 Bd4 57. Nf4 Be5 58. Nd3 Bb8 59. Rc6 Rd7 60. Rc8 Bd6 61. Rc6 Be7 62. Rc8 Rd8 63. Rc7 Bf6 64. Nf4 Re8 65. Kf3 Be5 66. Nd3 Bxc7 0-1


[Site "https://www.chess.com"]

[Event "Titled Tuesday Blitz July 25 Early 2023"]
[White "Molenda, Marcin"]
[Black "Xavier_mompel"]
[WhiteFideId "1173065"]
[WhiteElo "2461"]
[BlackElo "2287"]
[Result "1-0"]
[Round "9"]
[TimeControl "180+2"]
[Date "2023.07.25"]
[WhiteClock "0:00:27"]
[BlackClock "0:00:00"]
[Board "107"]

1. Nf3 d5 2. c4 c6 3. g3 Nf6 4. Bg2 e6 5. O-O Nbd7 6. b3 Bd6 7. Bb2 O-O 8. d3 Qe7 9. Nd4 a6 10. Nd2 c5 11. N4f3 d4 12. Re1 Ne5 13. Nxe5 Bxe5 14. e3 dxe3 15. Bxe5 exd2 16. Qxd2 Nd7 17. Bb2 Rb8 18. d4 cxd4 19. Qxd4 Nf6 20. Rad1 Bd7 21. Qd6 Qxd6 22. Rxd6 Be8 23. Red1 Kh8 24. a4 Bc6 25. f3 Kg8 26. a5 Rfc8 27. Kf2 Kf8 28. Ba3 Ke8 29. g4 Rd8 30. Rxd8+ Rxd8 31. Rxd8+ Kxd8 32. Ke3 Nd7 33. Bd6 Nf6 34. h3 Kd7 35. Bf8 g6 36. Bf1 Ke8 37. Ba3 Nd7 38. f4 Nf6 39. Bb2 Nd7 40. b4 Nf8 41. b5 axb5 42. cxb5 Bd5 43. a6 bxa6 44. bxa6 Kd8 45. Be5 Kc8 46. Kd4 Nd7 47. Bd6 Nb6 48. Bb5 Na8 49. Kc5 Kd8 50. Bc6 Bxc6 51. Kxc6 Kc8 52. g5 Kd8 53. Kb7 Kd7 54. Kxa8 Kc8 55. Ka7 Kd7 56. Kb7 1-0


[Site "https://www.chess.com"]

[Event "Titled Tuesday Blitz July 25 Early 2023"]
[White "Padmini, Rout"]
[Black "Thiel, Thomas"]
[WhiteFideId "5029295"]
[BlackFideId "4615964"]
[WhiteElo "2459"]
[BlackElo "2282"]
[Result "1-0"]
[Round "9"]
[TimeControl "180+2"]
[Date "2023.07.25"]
[WhiteClock "0:01:00"]
[BlackClock "0:00:28"]
[Board "108"]

1. Nf3 Nf6 2. g3 g6 3. Bg2 Bg7 4. O-O O-O 5. d4 d5 6. b3 c5 7. Bb2 cxd4 8. Bxd4 Nc6 9. Bb2 Re8 10. Nbd2 e5 11. e3 h6 12. c4 d4 13. exd4 exd4 14. Re1 Rxe1+ 15. Nxe1 Be6 16. Nd3 Nd7 17. h3 Rc8 18. Nf4 Bf5 19. g4 Qg5 20. gxf5 Qxf4 21. fxg6 fxg6 22. Ne4 Nde5 23. Bc1 Qh4 24. f4 Nf7 25. Qg4 Qxg4 26. hxg4 Rd8 27. Bb2 d3 28. Bxg7 Kxg7 29. Kf2 Nd6 30. Nc5 Nb4 31. Ne6+ 1-0


[Site "https://www.chess.com"]

[Event "Titled Tuesday Blitz July 25 Early 2023"]
[White "Kiseleva, Arina"]
[Black "Ljukin, Sergei"]
[WhiteFideId "4164989"]
[BlackFideId "14102200"]
[WhiteElo "2241"]
[BlackElo "2457"]
[Result "0-1"]
[Round "9"]
[TimeControl "180+2"]
[Date "2023.07.25"]
[WhiteClock "0:00:00"]
[BlackClock "0:00:16"]
[Board "109"]

1. d4 d5 2. Nf3 Nf6 3. e3 e6 4. Bd3 c5 5. O-O Nc6 6. b3 Bd6 7. Bb2 O-O 8. Nbd2 b6 9. Ne5 Qc7 10. Nxc6 Qxc6 11. dxc5 Bxc5 12. Bxf6 gxf6 13. Qg4+ Kh8 14. Qh4 f5 15. Qf6+ Kg8 16. Bxf5 Qc7 17. Bd3 Be7 18. Qh6 f5 19. f4 Rf6 20. Qh3 Bb7 21. Nf3 Rg6 22. Ne5 Rg7 23. Rf2 Bf6 24. Qh6 Rf8 25. Rc1 Kh8 26. Kf1 Bxe5 27. fxe5 Qxe5 28. g3 Rg6 29. Qf4 Qb2 30. Re1 Qf6 31. c4 e5 32. Qf3 e4 33. Bxe4 dxe4 34. Qf4 Qd6 35. h4 Qxf4 36. gxf4 Rd8 0-1


[Site "https://www.chess.com"]

[Event "Titled Tuesday Blitz July 25 Early 2023"]
[White "Skliarov, Viktor"]
[Black "Vemparala, Nikash"]
[WhiteFideId "14106736"]
[BlackFideId "30960967"]
[WhiteElo "2650"]
[BlackElo "2282"]
[Result "1-0"]
[Round "9"]
[TimeControl "180+2"]
[Date "2023.07.25"]
[WhiteClock "0:00:28"]
[BlackClock "0:00:50"]
[Board "110"]

1. e4 e5 2. Nc3 Nc6 3. Bc4 Nf6 4. d3 Bc5 5. a3 a5 6. h3 O-O 7. Nge2 d6 8. Ng3 Nd4 9. O-O c6 10. Ba2 d5 11. Bg5 Be6 12. Nh5 Be7 13. Nxf6+ Bxf6 14. Bxf6 gxf6 15. Ne2 dxe4 16. Nxd4 exd4 17. Bxe6 fxe6 18. Qg4+ Kf7 19. Qxe4 f5 20. Qe5 Qf6 21. Qc7+ Qe7 22. Qf4 Rg8 23. Qxd4 Qg5 24. Qd7+ Kf6 25. g3 Rad8 26. Qxb7 f4 27. Qxc6 Ke7 28. Rae1 Rd6 29. Qc7+ Rd7 30. Rxe6+ Kxe6 31. Re1+ Kf6 32. Qxd7 fxg3 33. Re6+ Kf5 34. Qd5+ Kf4 35. Qe4# 1-0


[Site "https://www.chess.com"]